TOP OF THE 1ST |
Hagerstown Suns batting - Pitching for Lakewood BlueClaws : RHP Tony Ferreira
|
Pitching: RHP Tony Ferreira
|
|
Batting: RHB Leo Gutierrez
|
0-0: Ball 1-0: Ball 2-0: Called Strike 2-1: Foul Ball, location: 2F 2-2: Strikes out swinging
|
Batting: RHB John McNeill
|
0-0: Called Strike 0-1: Fly out, F9 (Flyball, 89D, EV 100.6 MPH)
|
Batting: RHB Bryan Wheeler
|
0-0: Ball 1-0: Ball 2-0: TRIPLE (Line Drive, 9D, EV 105.0 MPH)
|
Batting: RHB Tylor Cyr
|
0-0: Ball 1-0: Swinging Strike 1-1: Ground out 5-3 (Groundball, 56S, EV 78.8 MPH)
|
Top of the 1st over - 0 runs, 1 hit, 0 errors, 1 left on base; Hagerstown 0 - Lakewood 0 |
BOTTOM OF THE 1ST |
Lakewood BlueClaws batting - Pitching for Hagerstown Suns : RHP Matt Seivert
|
Pitching: RHP Matt Seivert
|
|
Batting: LHB Matt Urbanek
|
0-0: Ball 1-0: Ball 2-0: Ball 3-0: Base on Balls
|
Batting: RHB Vaclav Been
|
0-0: Ball 1-0: Ball 2-0: Ball 3-0: Called Strike 3-1: Called Strike 3-2: Foul Ball, location: 2F 3-2: Foul Ball, location: 2F 3-2: Ground out 5-3 (Groundball, 56, EV 99.4 MPH) Matt Urbanek to second
|
Batting: RHB Mike Bell
|
0-0: Foul Ball, location: 2F 0-1: Ball 1-1: Foul Ball, location: 2F 1-2: Ball 2-2: Fly out, F4 (Popup, 4MS, EV 70.0 MPH)
|
Batting: RHB Victor Arias
|
0-0: Ball 1-0: Called Strike 1-1: Foul Ball, location: 2F 1-2: Ball 2-2: Fly out, F5 (Popup, 5L, EV 62.5 MPH)
|
Bottom of the 1st over - 0 runs, 0 hits, 0 errors, 1 left on base; Hagerstown 0 - Lakewood 0 |
TOP OF THE 2ND |
Hagerstown Suns batting - Pitching for Lakewood BlueClaws : RHP Tony Ferreira
|
Batting: LHB Yasuo Igarashi
|
0-0: Ball 1-0: Called Strike 1-1: Ball 2-1: Ball 3-1: Foul Ball, location: 2F 3-2: Ground out 4-3 (Groundball, 4, EV 81.9 MPH)
|
Batting: RHB John Savard
|
0-0: Ball 1-0: Ball 2-0: SINGLE (Groundball, 4D, EV 97.5 MPH)
|
Batting: RHB Scott Skoglund
|
0-0: Ball 1-0: Called Strike John Savard steals 2nd base (no throw) 1-1: Ball 2-1: Ball 3-1: Called Strike 3-2: Ground out 6-3 (Groundball, 6, EV 91.9 MPH) John Savard to third
|
Batting: LHB Adam Jacobs
|
0-0: Ball 1-0: Called Strike 1-1: Called Strike 1-2: Ground out 5-3 (Groundball, 56, EV 101.9 MPH)
|
Top of the 2nd over - 0 runs, 1 hit, 0 errors, 1 left on base; Hagerstown 0 - Lakewood 0 |
BOTTOM OF THE 2ND |
Lakewood BlueClaws batting - Pitching for Hagerstown Suns : RHP Matt Seivert
|
Batting: LHB Eric Farren
|
0-0: Foul Ball, location: 2F 0-1: Swinging Strike 0-2: Ball 1-2: Ground out 5-3 (Groundball, 5, EV 104.4 MPH)
|
Batting: RHB Trent Hedrick
|
0-0: Ground out 5-3 (Groundball, 56, EV 105.0 MPH)
|
Batting: SHB Steve DeRienzo
|
0-0: Ball 1-0: Fly out, F7 (Line Drive, 78M, EV 106.2 MPH)
|
Bottom of the 2nd over - 0 runs, 0 hits, 0 errors, 0 left on base; Hagerstown 0 - Lakewood 0 |
TOP OF THE 3RD |
Hagerstown Suns batting - Pitching for Lakewood BlueClaws : RHP Tony Ferreira
|
Batting: RHB Naofumi Ishida
|
0-0: SINGLE (Line Drive, 9S, EV 94.4 MPH)
|
Batting: RHB Leo Gutierrez
|
0-0: Called Strike 0-1: Called Strike 0-2: Ball 1-2: Ball 2-2: Ball 3-2: Strikes out swinging
|
Batting: RHB John McNeill
|
0-0: Called Strike 0-1: Swinging Strike 0-2: Ball 1-2: Strikes out swinging
|
Batting: RHB Bryan Wheeler
|
0-0: Called Strike 0-1: Foul Ball, location: 2F 0-2: Foul Ball, location: 2F 0-2: Fielders Choice at 2nd, 5-4 (Groundball, 56D, EV 81.9 MPH)
|
Top of the 3rd over - 0 runs, 1 hit, 0 errors, 1 left on base; Hagerstown 0 - Lakewood 0 |
BOTTOM OF THE 3RD |
Lakewood BlueClaws batting - Pitching for Hagerstown Suns : RHP Matt Seivert
|
Batting: RHB Johnny Burroughs
|
0-0: Ball 1-0: Called Strike 1-1: Called Strike 1-2: Foul Ball, location: 2F 1-2: Ground out 6-3 (Groundball, 6, EV 80.6 MPH)
|
Batting: RHB Cory Bonham
|
0-0: Called Strike 0-1: Ground out 4-3 (Groundball, 4M, EV 100.0 MPH)
|
Batting: LHB Matt Urbanek
|
0-0: DOUBLE (Groundball, 5L, EV 98.8 MPH)
|
Batting: RHB Vaclav Been
|
0-0: Called Strike 0-1: Called Strike 0-2: Strikes out swinging
|
Bottom of the 3rd over - 0 runs, 1 hit, 0 errors, 1 left on base; Hagerstown 0 - Lakewood 0 |
TOP OF THE 4TH |
Hagerstown Suns batting - Pitching for Lakewood BlueClaws : RHP Tony Ferreira
|
Batting: RHB Tylor Cyr
|
0-0: Foul Ball, location: 2F 0-1: Ball 1-1: Swinging Strike 1-2: Strikes out swinging
|
Batting: LHB Yasuo Igarashi
|
0-0: Ball 1-0: SINGLE (Line Drive, 6M, EV 103.8 MPH)
|
Batting: RHB John Savard
|
0-0: Ball 1-0: Ball 2-0: Ball 3-0: Called Strike 3-1: Fly out, F5 (Line Drive, 5L, EV 66.9 MPH)
|
Batting: RHB Scott Skoglund
|
0-0: Ball 1-0: Foul Ball, location: 2F 1-1: Ball Passed Ball! Yasuo Igarashi to second 2-1: Called Strike 2-2: Ball 3-2: Foul Ball, location: 2F 3-2: Fly out, F8 (Flyball, 8RXD, EV 91.2 MPH)
|
Top of the 4th over - 0 runs, 1 hit, 0 errors, 1 left on base; Hagerstown 0 - Lakewood 0 |
BOTTOM OF THE 4TH |
Lakewood BlueClaws batting - Pitching for Hagerstown Suns : RHP Matt Seivert
|
Batting: RHB Mike Bell
|
0-0: Ball 1-0: DOUBLE (Line Drive, 7LS, EV 112.5 MPH)
|
Batting: RHB Victor Arias
|
0-0: Called Strike 0-1: Ball 1-1: Ball 2-1: Called Strike 2-2: Foul Ball, location: 2F 2-2: Ball 3-2: Strikes out looking
|
Batting: LHB Eric Farren
|
0-0: Swinging Strike 0-1: Ball 1-1: SINGLE (Popup, 4MD, EV 64.4 MPH) Mike Bell to third
|
Batting: RHB Trent Hedrick
|
0-0: Called Strike 0-1: Swinging Strike 0-2: Ball 1-2: Grounds into double play, 2-4-3 (Groundball, 2L, EV 68.8 MPH)
|
Bottom of the 4th over - 0 runs, 2 hits, 0 errors, 1 left on base; Hagerstown 0 - Lakewood 0 |
TOP OF THE 5TH |
Hagerstown Suns batting - Pitching for Lakewood BlueClaws : RHP Tony Ferreira
|
Batting: LHB Adam Jacobs
|
0-0: Called Strike 0-1: Called Strike 0-2: Ball 1-2: Ball 2-2: Ball 3-2: Base on Balls
|
Batting: RHB Naofumi Ishida
|
0-0: Ball 1-0: Foul Ball, location: 2F 1-1: Foul Ball, location: 2F 1-2: Foul Ball, location: 2F 1-2: Ball 2-2: SINGLE (Line Drive, 78S, EV 109.4 MPH) Adam Jacobs to second
|
Batting: RHB Leo Gutierrez
|
0-0: Called Strike 0-1: Ball 1-1: Fly out, F6 (Flyball, 6D, EV 86.2 MPH)
|
Batting: RHB John McNeill
|
0-0: Ball Wild Pitch! Adam Jacobs to third Naofumi Ishida to second 1-0: Called Strike 1-1: Ball 2-1: Ball 3-1: Base on Balls
|
Pitching: RHP Francisco Tejada
|
|
Batting: RHB Bryan Wheeler
|
0-0: Grounds into double play, 5-4-3 (Groundball, 56, EV 109.4 MPH)
|
Top of the 5th over - 0 runs, 1 hit, 0 errors, 2 left on base; Hagerstown 0 - Lakewood 0 |
BOTTOM OF THE 5TH |
Lakewood BlueClaws batting - Pitching for Hagerstown Suns : RHP Matt Seivert
|
Batting: SHB Steve DeRienzo
|
0-0: Ball 1-0: Ball 2-0: Ball 3-0: Called Strike 3-1: Base on Balls
|
Batting: RHB Johnny Burroughs
|
0-0: Ball Steve DeRienzo steals 2nd base 1-0: Foul Ball, location: 2F 1-1: Swinging Strike 1-2: Foul Ball, location: 2F 1-2: Strikes out looking
|
Batting: RHB Cory Bonham
|
0-0: Ball 1-0: Ball 2-0: Called Strike 2-1: Swinging Strike 2-2: Strikes out swinging
|
Batting: LHB Matt Urbanek
|
0-0: Ball 1-0: Ball 2-0: Called Strike 2-1: Foul Ball, location: 2F 2-2: Ball 3-2: Strikes out swinging
|
Bottom of the 5th over - 0 runs, 0 hits, 0 errors, 1 left on base; Hagerstown 0 - Lakewood 0 |
TOP OF THE 6TH |
Hagerstown Suns batting - Pitching for Lakewood BlueClaws : RHP Francisco Tejada
|
Batting: RHB Tylor Cyr
|
0-0: Called Strike 0-1: Foul Ball, location: 2F 0-2: Ball 1-2: Strikes out swinging
|
Batting: LHB Yasuo Igarashi
|
0-0: Foul Ball, location: 2F 0-1: Ground out U3 (Groundball, 3, EV 78.8 MPH)
|
Batting: RHB John Savard
|
0-0: Foul Ball, location: 2F 0-1: Ground out 5-3 (Groundball, 56, EV 103.8 MPH)
|
Top of the 6th over - 0 runs, 0 hits, 0 errors, 0 left on base; Hagerstown 0 - Lakewood 0 |
BOTTOM OF THE 6TH |
Lakewood BlueClaws batting - Pitching for Hagerstown Suns : RHP Matt Seivert
|
Batting: RHB Vaclav Been
|
0-0: Ball 1-0: Called Strike 1-1: Ball 2-1: Foul Ball, location: 2F 2-2: Foul Ball, location: 2F 2-2: Strikes out swinging
|
Batting: RHB Mike Bell
|
0-0: Called Strike 0-1: Swinging Strike 0-2: Strikes out swinging
|
Batting: RHB Victor Arias
|
0-0: Ball 1-0: Swinging Strike 1-1: Ball 2-1: Ball 3-1: SINGLE (Groundball, 4D, EV 106.2 MPH)
|
Pitching: RHP Brent Wainwright
|
|
Batting: LHB Eric Farren
|
0-0: Called Strike 0-1: Swinging Strike 0-2: Ball 1-2: Ball 2-2: Foul Ball, location: 2F 2-2: Ground out U3 (Groundball, 3, EV 100.0 MPH)
|
Bottom of the 6th over - 0 runs, 1 hit, 0 errors, 1 left on base; Hagerstown 0 - Lakewood 0 |
TOP OF THE 7TH |
Hagerstown Suns batting - Pitching for Lakewood BlueClaws : RHP Francisco Tejada
|
Pinch Hitting: LHB Vince McLane
|
0-0: Ball 1-0: Ground out U3 (Groundball, 3, EV 88.8 MPH)
|
Batting: LHB Adam Jacobs
|
0-0: Called Strike 0-1: Ball 1-1: Called Strike 1-2: Ball 2-2: Foul Ball, location: 2F 2-2: Ball 3-2: Foul Ball, location: 2F 3-2: Foul Ball, location: 2F 3-2: Base on Balls
|
Batting: RHB Naofumi Ishida
|
0-0: Ball 1-0: Ball 2-0: Ball 3-0: Base on Balls Adam Jacobs to second
|
Batting: RHB Leo Gutierrez
|
0-0: Called Strike 0-1: Ball 1-1: Ball Wild Pitch! Adam Jacobs to third Naofumi Ishida to second 2-1: Fly out, F8 (Flyball, 8RS, EV 83.8 MPH)
|
Pinch Hitting: LHB John Holst
|
0-0: Ball 1-0: Foul Ball, location: 2F 1-1: Called Strike 1-2: Fly out, F7 (Flyball, 78M, EV 93.1 MPH)
|
Top of the 7th over - 0 runs, 0 hits, 0 errors, 2 left on base; Hagerstown 0 - Lakewood 0 |
BOTTOM OF THE 7TH |
Lakewood BlueClaws batting - Pitching for Hagerstown Suns : RHP Brent Wainwright
|
Now in LF: John Holst
|
|
Now in CF: John Savard
|
|
Now in RF: Vince McLane
|
|
Batting: RHB Trent Hedrick
|
0-0: Ball 1-0: Ball 2-0: Called Strike 2-1: Foul Ball, location: 2F 2-2: SINGLE (Line Drive, 7LM, EV 94.4 MPH)
|
Batting: SHB Steve DeRienzo
|
0-0: Called Strike 0-1: Bunted foul 0-2: Ball 1-2: Strikes out swinging
|
Batting: RHB Johnny Burroughs
|
0-0: Called Strike Trent Hedrick is caught stealing 2nd base 2-4 0-1: Ball 1-1: Ball 2-1: SINGLE (Line Drive, 4M, EV 96.2 MPH)
|
Batting: RHB Cory Bonham
|
0-0: Called Strike 0-1: Ball 1-1: Called Strike 1-2: Fielders Choice at 2nd, 6-4 (Groundball, 6, EV 91.9 MPH)
|
Bottom of the 7th over - 0 runs, 2 hits, 0 errors, 1 left on base; Hagerstown 0 - Lakewood 0 |
TOP OF THE 8TH |
Hagerstown Suns batting - Pitching for Lakewood BlueClaws : RHP Francisco Tejada
|
Pitching: RHP David Oviedo
|
|
Batting: RHB Bryan Wheeler
|
0-0: Ball 1-0: Ground out U3 (Groundball, 3, EV 99.4 MPH)
|
Batting: RHB Tylor Cyr
|
0-0: Foul Ball, location: 2F 0-1: Ball 1-1: Called Strike 1-2: Strikes out swinging
|
Batting: LHB Yasuo Igarashi
|
0-0: Foul Ball, location: 2F 0-1: Ball 1-1: Ball 2-1: Ball 3-1: Called Strike 3-2: Base on Balls
|
Batting: RHB John Savard
|
0-0: Ball Yasuo Igarashi steals 2nd base 1-0: Foul Ball, location: 2F 1-1: Ground out 6-3 (Groundball, 6, EV 101.9 MPH)
|
Top of the 8th over - 0 runs, 0 hits, 0 errors, 1 left on base; Hagerstown 0 - Lakewood 0 |
BOTTOM OF THE 8TH |
Lakewood BlueClaws batting - Pitching for Hagerstown Suns : RHP Brent Wainwright
|
Pitching: RHP Luis Astudillo
|
|
Batting: LHB Matt Urbanek
|
0-0: Called Strike 0-1: SINGLE (Groundball, 4M, EV 105.0 MPH) (infield hit)
|
Batting: RHB Vaclav Been
|
0-0: Called Strike 0-1: Called Strike 0-2: Foul Ball, location: 2F 0-2: Ball 1-2: Strikes out looking
|
Batting: RHB Mike Bell
|
0-0: Called Strike Matt Urbanek steals 2nd base 0-1: Foul Ball, location: 2F 0-2: Ball 1-2: Ball 2-2: Fly out, F9 (Flyball, 9D, EV 100.0 MPH) Runner from 2nd tags up, SAFE at 3rd, no throw by RF
|
Batting: RHB Victor Arias
|
0-0: Ball 1-0: Fly out, F7 (Flyball, 78S, EV 87.5 MPH)
|
Bottom of the 8th over - 0 runs, 1 hit, 0 errors, 1 left on base; Hagerstown 0 - Lakewood 0 |
TOP OF THE 9TH |
Hagerstown Suns batting - Pitching for Lakewood BlueClaws : RHP David Oviedo
|
Pitching: RHP Shamar Hansford
|
|
Batting: LHB Vince McLane
|
0-0: Ball 1-0: SINGLE (Groundball, 4MD, EV 102.5 MPH)
|
Batting: LHB Adam Jacobs
|
0-0: Foul Ball, location: 2F 0-1: Ball 1-1: Ball 2-1: Grounds into double play, 4-6-3 (Groundball, 4, EV 89.4 MPH)
|
Batting: RHB Naofumi Ishida
|
0-0: Called Strike 0-1: Fly out, F8 (Flyball, 8RD, EV 93.1 MPH)
|
Top of the 9th over - 0 runs, 1 hit, 0 errors, 0 left on base; Hagerstown 0 - Lakewood 0 |
BOTTOM OF THE 9TH |
Lakewood BlueClaws batting - Pitching for Hagerstown Suns : RHP Luis Astudillo
|
Batting: LHB Eric Farren
|
0-0: Ball 1-0: Ball 2-0: SINGLE (Line Drive, 6, EV 96.9 MPH)
|
Batting: RHB Trent Hedrick
|
0-0: Reached on error, E3 (Groundball, 23, EV 43.8 MPH) Eric Farren to third
|
Batting: SHB Steve DeRienzo
|
0-0: Intentional Walk
|
Pinch Hitting: LHB Joel Moore
|
0-0: Ball 1-0: Ball 2-0: Ball Wild Pitch! Eric Farren scores
|
Bottom of the 9th over - 1 run, 1 hit, 1 error, 2 left on base; Hagerstown 0 - Lakewood 1 |
|